 Dungeon Crawl Stone Soup version 0.29.1-4-g47bece8355 (webtiles) character file.

Game seed: 5535378651562740863

70 warriortoast the Shooter (level 4, -2/23 HPs)
             Began as a Spriggan Hunter on Dec 5, 2022.
             Killed from afar by Natasha (11 damage)
             ... with a magic dart
             ... on level 2 of the Dungeon.
             The game lasted 00:02:51 (1410 turns).

warriortoast the Shooter (Spriggan Hunter)          Turns: 1410, Time: 00:02:51

Health: -2/23      AC:  2    Str:  7    XL:     4   Next: 4%
Magic:  5/5        EV: 19    Int: 10    God:
Gold:   87         SH:  0    Dex: 20    Spells: 3/3 levels left

rFire   . . .      SeeInvis +   a - +0 shortbow
rCold   . . .      Faith    .   (shield currently unavailable)
rNeg    . . .      Spirit   .   c - +0 robe
rPois   .          Reflect  .   (helmet restricted)
rElec   .          Harm     .   (no cloak)
rCorr   .          Rampage  .   (gloves unavailable)
Will    .....                   (boots unavailable)
Stlth   +++.......              (no amulet)
HPRegen 0.07/turn               (no ring)
MPRegen 0.09/turn               (no ring)

@: very quick
A: very small, no large weapons, unfitting armour, see invisible, speed 3
a: no special abilities


You were on level 2 of the Dungeon.
You visited 1 branch of the dungeon, and saw 2 of its levels.

You collected 87 gold pieces.

Inventory:

Hand Weapons
 a - a +0 shortbow (weapon)
Armour
 c - a +0 robe (worn)
Scrolls
 b - a scroll of immolation
 d - a scroll of identify {unknown}
 e - a scroll of summoning {unknown}
 f - a scroll of amnesia {unknown}
 g - 2 scrolls of enchant weapon {unknown}
 h - a scroll of blinking {unknown}
 k - a scroll of teleportation {unknown}
 m - a scroll of poison {unknown}
Potions
 i - a potion of lignification {unknown}
 j - 2 potions of degeneration {unknown}
 l - 2 potions of ambrosia {unknown}
 n - a potion of curing {unknown}


   Skills:
 + Level 2.2 Fighting
 + Level 4.4 Ranged Weapons
 + Level 3.7 Dodging
 + Level 3.3 Stealth


You had 3 spell levels left.
You didn't know any spells.
Your spell library contained the following spells:

 Spells                   Type           Power      Damage    Failure   Level
 Ozocubu's Armour         Ice            0%         N/A       75%         3
 Ozocubu's Refrigeration  Ice            0%         4d7       100%        7


Dungeon Overview and Level Annotations

Branches:
Dungeon (2/15)

Altars:
Elyvilon

Shops:
D:1 (

Annotations:
D:2 Natasha


Innate Abilities, Weirdness & Mutations

You are very small and have problems with some larger weapons.
You are too small for most types of armour.
You have supernaturally acute eyesight. (SInv)
You cover ground extremely quickly. (Speed+++)


Message History

You shoot an arrow. The arrow hits the giant cockroach!
You kill the giant cockroach!
No target in view!
No target in view!
A rat comes into view.
You shoot an arrow. The arrow hits the rat.
You kill the rat!
No target in view!
No target in view!
n - a murky black potion You open the door.
There is an open door here.
You see here a rat corpse.
You see here a +0 hand axe.
Found a stone staircase leading down.
There is a stone staircase leading down here.
You see here a +0 club.
There is an open door here.
Natasha, Servant of Life and Death comes into view.
Natasha hisses angrily.
You shoot an arrow. The arrow hits Natasha.
Natasha is lightly wounded.
You shoot an arrow. The arrow barely misses Natasha.
Natasha casts a spell at you. The magic dart hits you.
You shoot an arrow. The arrow hits Natasha.
Natasha is moderately wounded.
Natasha growls.
You shoot an arrow. The arrow closely misses Natasha.
Natasha casts a spell.
You shoot an arrow. The arrow hits the shadow imp!
The shadow imp is severely wounded.
The shadow imp gestures at you. Pain shoots through your body!
Natasha claws you but does no damage.
You are too injured to fight recklessly!
You are too injured to fight recklessly!
There is an open door here.
Natasha stares at you and mumbles some strange words.
The magic dart hits you!
You die...

#####.#...###############.######
#.#.#.### #.# #### #.#.#...#
#.#..... #.#.###.# #.#..... #.#.#
#.##### #.#..... #.#.# #..)..#
#.#..... ######.#.# #####.#
######.#.....
#......#.#######.####...##.#.....
#.######........@..##...##.#.....
..# #########.#......##.#.....
..# ####'###....##.#..... #.#
#...5.......##.#..... #'##
#....h......##.###### .>.#
#...........##.# # ...#
#...........'..# # ...#
#...........#..### ...#
#................#


You could see Natasha and a shadow imp (summoned).

Vanquished Creatures
  Natasha (twice) (D:2)
  3 ball pythons
  2 bats (D:2)
  2 endoplasms
  2 giant cockroaches
  2 goblins (D:2)
  3 hobgoblins
  2 kobolds (D:1)
  3 rats (D:2)
21 creatures vanquished.

Notes
Turn   | Place    | Note
-------+----------+-------------------------------------------
     0 | D:1      | warriortoast the Spriggan Hunter began the quest for the
                  | Orb.
     0 | D:1      | Reached XP level 1. HP: 10/10 MP: 2/2
    23 | D:1      | Found Cuverug's Weapon Emporium.
   344 | D:1      | Found a faded altar of an unknown god.
   618 | D:2      | Reached XP level 2. HP: 15/15 MP: 3/3
   680 | D:2      | Found a white marble altar of Elyvilon.
   847 | D:2      | Noticed Natasha
   850 | D:2      | Killed Natasha
   851 | D:2      | Reached XP level 3. HP: 18/18 MP: 4/4
   901 | D:2      | Noticed Natasha
   910 | D:2      | Killed Natasha
   911 | D:2      | Reached XP level 4. HP: 3/23 MP: 5/5
  1399 | D:2      | Noticed Natasha
  1410 | D:2      | Killed from afar by Natasha

Illustrated notes

Levels and vault maps discovered:
D:1:      roderic_dead_forest, layout_basic, serial_shops,
          nicolae_shop_bloodbath_and_beyond, shapermc_ecumenical_altar_pompeii,
          minmay_tree_intersection, minmay_misc_feat_roman
D:2:      layout_basic, basic_altar, uniq_natasha, uniq_robin

Skill      XL: |  1  2  3 |
---------------+----------+-----
Stealth        | 2 3 |  3.3
Dodging        | 3 |  3.7
Fighting       | 2 |  2.2
Ranged Weapons | |  4.4

Action                   |  1- 3 |  4- 6 || total
-------------------------+-------+-------++-------
 Fire: Shortbow          |    42 |     7 ||    49
Armor: Robe              |     1 |     1 ||     2
Dodge: Dodged            |     2 |       ||     2
